 Dungeon Crawl Stone Soup version 0.29.1-12-g30fa7ad0bf (webtiles) character file.

Game seed: 7051131555429886830

5293 Peloso the Carver (level 10, -7/90 HPs)
             Began as a Minotaur Fighter on Dec 26, 2022.
             Was a Believer of Okawaru.
             Mangled by an orc warlord
             ... wielding a +5 broad axe
              (34 damage)
             ... in a bailey.
             The game lasted 00:18:19 (6819 turns).

Peloso the Carver (Minotaur Fighter)                Turns: 6819, Time: 00:18:20

Health: -7/90      AC: 15    Str: 28    XL:     10   Next: 37%
Magic:  7/9        EV: 12    Int:  5    God:    Okawaru [**....]
Gold:   208        SH:  7    Dex: 13    Spells: 9/9 levels left

rFire   . . .      SeeInvis .   a - +1 long sword (venom)
rCold   . . .      Faith    .   d - +0 buckler
rNeg    . . .      Spirit   .   c - +0 chain mail
rPois   .          Reflect  .   (helmet restricted)
rElec   .          Harm     .   C - +0 cloak
rCorr   .          Rampage  .   (no gloves)
Will    .....                   (no boots)
Stlth   ..........              h - amulet of regeneration
HPRegen 1.05/turn               G - +6 ring of strength
MPRegen 0.11/turn               (no ring)

@: mighty, heroic
A: horns 2, retaliatory headbutt
a: Renounce Religion, Heroism


You were in a bailey.
You worshipped Okawaru.
Okawaru was pleased with you.
You visited 2 branches of the dungeon, and saw 9 of its levels.
You also visited: Bailey.

You collected 313 gold pieces.
You spent 105 gold pieces at shops.

Inventory:

Hand Weapons
 a - a +1 long sword of venom (weapon)
Armour
 b - a +0 scale mail
 c - a +0 chain mail (worn)
 d - a +0 buckler (worn)
 C - a +0 cloak (worn)
Jewellery
 h - an amulet of regeneration (around neck)
 i - an amulet of magic regeneration
 r - a ring of wizardry
 z - a ring of resist corrosion
 D - a +6 ring of dexterity
 G - a +6 ring of strength (left hand)
Scrolls
 e - a scroll of teleportation
 g - 3 scrolls of fear
 k - 6 scrolls of magic mapping
 l - 2 scrolls of blinking
 m - 2 scrolls of enchant weapon
 n - a scroll of poison
 u - 3 scrolls of enchant armour
 w - 2 scrolls of noise
 y - a scroll of amnesia
 H - 2 scrolls of fog
Potions
 f - a potion of mutation
 j - 2 potions of ambrosia
 o - 3 potions of curing
 p - a potion of cancellation
 q - 2 potions of brilliance
 s - 3 potions of might
 t - a potion of resistance
 A - a potion of invisibility {unknown}
 B - 3 potions of attraction {unknown}
 E - 2 potions of heal wounds {unknown}
 F - 2 potions of flight {unknown}


   Skills:
 + Level 8.8(13.8) Fighting
 + Level 11.6(16.6) Long Blades
 + Level 10.3(15.3) Armour
 + Level 3.2(8.2) Dodging
 + Level 0.5(5.5) Stealth
 + Level 7.4(12.4) Shields
 + Level 0.1 Invocations


You had 9 spell levels left.
You didn't know any spells.
Your spell library contained the following spells:

 Spells                   Type           Power      Damage    Failure   Level
 Poisonous Vapours        Pois/Air       0%         N/A       97%         2
 Frozen Ramparts          Ice            0%         1d1       100%        3
 Corpse Rot               Necr/Pois/Air  0%         N/A       100%        4
 Ice Form                 Ice/Tmut       0%         N/A       100%        4
 Summon Ice Beast         Ice/Summ       Unusable   N/A       N/A         4

Dungeon Overview and Level Annotations

Branches:
Dungeon (8/15)             Temple (1/1) D:6            Lair (0/5) D:8
 Bailey (1/1)

Altars:
Cheibriados
Dithmenos
Elyvilon
Fedhas
Gozag
Hepliaklqana
Makhleb
Nemelex Xobeh
Okawaru
Qazlal
Ru
Sif Muna
Trog
Uskayaw
Wu Jian
Yredelemnul
Zin
The Shining One

Shops:
D:2 (   D:5 ?   D:7 [([*=

Annotations:
D:7 3 runed translucent doors, H0rd4k's ghost, novice OpAr; IcyTea's ghost, novice OgBe; rlgrobin's ghost, novice DsAK


Innate Abilities, Weirdness & Mutations

You have a pair of horns on your head.
You reflexively headbutt those who attack you in melee.


Message History

You hit the hobgoblin.
You headbutt the hobgoblin, but do no damage.
The hobgoblin is lightly wounded.
You hit the hobgoblin.
You kill the hobgoblin!
Okawaru accepts your kill.
You start resting.
HP restored.
Things that are here:
a +0 war axe; a +0 ring mail
There is an open door here.
The orc warlord shouts!
You gain the combat prowess of a mighty hero.
The orc warrior shouts!
The orc warlord roars a battlecry!
The orc warrior goes into a battle-frenzy!
You feel very mighty all of a sudden.
You slash the orc warlord!
The orc warlord is poisoned.
Your headbutt misses the orc warlord.
The orc warlord is lightly wounded.
You block the orc warlord's attack.
You barely miss the orc warlord. You headbutt the orc warlord.
The orc warlord is lightly wounded.
The orc warlord hits you with a +5 broad axe!
You hit the orc warlord.
The orc warlord looks as sick as possible!
The orc warlord is lightly wounded.
The orc warlord hits you with a +5 broad axe!!
You barely miss the orc warlord.
The orc warlord is lightly wounded.
You slash the orc warlord!
The orc warlord looks as sick as possible!
The orc warlord is moderately wounded.
The orc warlord hits you with a +5 broad axe!!
* * * LOW HITPOINT WARNING * * *
You hit the orc warlord but do no damage.
The orc warlord looks as sick as possible!
The orc warlord is moderately wounded.
The orc warlord hits you with a +5 broad axe!!
You die...

### ### ###.### ###.###
###.....### ###.....#
##.........###........
#...........#.........
#..........))..)).....
#.....o...))#.....⌠...
#....@o.....#.........
#...........#.........
♣♣♣♣
###.........###.....o..
♣§.♣♣♣ ###.#'#.....###
###.....#
?..♣.♣###...))###.###
###.###
.....##.........###
o.###.)
.....#...........#
..##8..
....))...........#
..#8..
∩.∩..'.....⌠.....#
.o'...


You could see an orc warlord (extremely poisoned) and an orc warrior (strong).

Vanquished Creatures
  Prince Ribbit (D:4)
  A wyvern (D:8)
  7 yaks
  Menkaure (D:5)
  A water moccasin (D:8)
  Duvessa (D:5)
  A sky beast (D:7)
  A black bear (D:7)
  11 orc warriors (Bailey)
  4 ice beasts
  3 ogres
  A centaur (D:5)
  2 phantoms
  A kobold brigand (D:6)
  3 bullfrogs
  2 necrophages
  5 scorpions
  Dowan (D:5)
  4 hounds
  2 jellies (D:6)
  2 gnoll boudas
  7 iguanas
  16 gnolls
  12 adders
  A worm (D:4)
  8 dart slugs
  13 orcs
  2 endoplasms (D:1)
  4 giant cockroaches
  19 goblins
  22 hobgoblins
  8 jackals
  6 kobolds
  6 quokkas
  6 ball pythons
  7 bats
  7 frilled lizards
  4 rats
203 creatures vanquished.

Notes
Turn   | Place    | Note
-------+----------+-------------------------------------------
     0 | D:1      | Peloso the Minotaur Fighter began the quest for the Orb.
     0 | D:1      | Reached XP level 1. HP: 19/19 MP: 0/0
    93 | D:1      | Found a faded altar of an unknown god.
   206 | D:1      | Reached XP level 2. HP: 18/27 MP: 1/1
   808 | D:1      | Reached XP level 3. HP: 30/33 MP: 2/2
  1444 | D:2      | Identified the +0 robe "Zaetz" {rN++ Int-2}
  1526 | D:2      | Reached skill level 3 in Long Blades
  1775 | D:2      | Found Gacapn's Weapon Boutique.
  1975 | D:3      | Reached XP level 4. HP: 40/41 MP: 3/3
  2064 | D:3      | Reached skill level 1 in Dodging
  2300 | D:3      | Reached skill level 5 in Armour
  2304 | D:3      | Reached XP level 5. HP: 22/47 MP: 4/4
  2490 | D:3      | Reached skill level 4 in Long Blades
  3197 | D:4      | Reached skill level 5 in Fighting
  3197 | D:4      | Reached skill level 5 in Long Blades
  3197 | D:4      | Reached XP level 6. HP: 53/56 MP: 5/5
  3587 | D:5      | Entered Level 5 of the Dungeon
  3604 | D:5      | Noticed an ice beast
  3620 | D:5      | Killed an ice beast
  3621 | D:5      | Reached skill level 6 in Long Blades
  3647 | D:5      | Reached XP level 7. HP: 59/61 MP: 6/6
  3738 | D:5      | Found a glowing golden altar of the Shining One.
  3738 | D:5      | Noticed Menkaure
  3752 | D:5      | Killed Menkaure
  3753 | D:5      | Reached skill level 7 in Long Blades
  3815 | D:5      | Found Feha's Magic Scroll Shop.
  3819 | D:5      | Noticed Duvessa
  3819 | D:5      | Noticed Dowan
  3834 | D:5      | Reached skill level 5 in Shields
  3839 | D:5      | Reached XP level 8. HP: 70/70 MP: 7/7
  3850 | D:5      | Killed Duvessa
  3859 | D:5      | Killed Dowan
  3891 | D:5      | Bought a scroll of noise for 13 gold pieces
  3891 | D:5      | Bought a scroll of identify for 26 gold pieces
  3914 | D:5      | Noticed Prince Ribbit
  3939 | D:4      | Killed Prince Ribbit
  3940 | D:4      | Reached skill level 8 in Long Blades
  4281 | D:5      | Found a sparkling altar of Nemelex Xobeh.
  4592 | D:6      | Reached XP level 9. HP: 64/78 MP: 8/8
  4687 | D:6      | Found an opulent altar of Gozag.
  4769 | D:6      | Reached skill level 9 in Long Blades
  4778 | D:6      | Found a staircase to the Ecumenical Temple.
  4822 | Temple   | Entered the Ecumenical Temple
  4890 | Temple   | Became a worshipper of Warmaster Okawaru
  5211 | D:7      | Found a runed translucent gate.
  5211 | D:7      | Found a runed translucent gate.
  5211 | D:7      | Found a runed translucent gate.
  5224 | D:7      | Found Maushrac's Antique Armour Emporium.
  5296 | D:7      | Found Ixaingec's Weapon Shoppe.
  5311 | D:7      | Found Suipt's Assorted Antiques.
  5451 | D:6      | Reached * piety under Okawaru
  5459 | D:6      | Reached skill level 10 in Long Blades
  5529 | D:7      | Noticed IcyTea's ghost (novice OgBe)
  5529 | D:7      | Noticed H0rd4k's ghost (novice OpAr)
  5529 | D:7      | Noticed rlgrobin's ghost (novice DsAK)
  5579 | D:7      | Found Sineoxuy's Jewellery Shoppe.
  5581 | D:7      | Found Hakyp's Antique Armour Shop.
  5590 | D:7      | Bought a scroll labelled CIAGGE SOZUIN for 22 gold pieces
  5590 | D:7      | Bought a scroll labelled CIAGGE SOZUIN for 22 gold pieces
  5590 | D:7      | Bought a scroll labelled LITIER DIRCHU for 22 gold pieces
  5639 | D:7      | Reached ** piety under Okawaru
  6028 | D:8      | Found a staircase to the Lair.
  6032 | D:8      | Reached XP level 10. HP: 84/88 MP: 9/9
  6042 | D:8      | Reached skill level 11 in Long Blades
  6109 | D:8      | Found a flagged portal.
  6122 | Bailey   | Entered a bailey
  6579 | Bailey   | Reached skill level 10 in Armour
  6705 | Bailey   | Noticed an orc knight
  6716 | Bailey   | Noticed an orc warlord
  6819 | Bailey   | Mangled by an orc warlord

Illustrated notes

Levels and vault maps discovered:
D:1:      dpeg_arrival_concentric_ovals, layout_basic, basic_ecumenical_altar,
          ebering_dispersal_statue_hall
D:2:      layout_basic, serial_shops, nicolae_shop_stone
D:3:      layout_basic
D:4:      layout_basic, kennysheep_flooded_box
D:5:      layout_rooms, mainiacjoe_overflow_brackets, general_overflow_altar,
          minmay_shop_grid_forest, uniq_duvessa, uniq_prince_ribbit1,
          uniq_menkaure
D:6:      layout_loops_ring, nicolae_gozag_seed_capital,
          minmay_temple_entry_arrows, minmay_circle_x
D:7:      layout_cave_pools, gammafunk_ghost_cemetery, serial_shops, shop, shop,
          nicolae_shop_bloodbath_and_beyond, nicolae_shop_hallway_stairs,
          nicolae_shop_behind_doors, minmay_misc_feat_encased
D:8:      minmay_chambers_of_sixes, layout_basic, minmay_lair_entry_grove,
          enter_bailey_3
Temple:   mainiacjoe_temple_coin_purse
Bailey:   bailey_axe_minmay_hex_keep, bailey

Skill      XL: |  1  2  3  4  5  6  7  8  9 10 |
---------------+-------------------------------+-----
Armour         | 4 5 6 8 9 10 | 10.3
Fighting       | 4 5 6 8 |  8.8
Long Blades    | 3 5 6 7 8 10 11 | 11.6
Dodging        | 1 2 3 |  3.2
Shields        | 4 5 6 7 |  7.4
Stealth        | |  0.5
Invocations    | |  0.1

Action                   |  1- 3 |  4- 6 |  7- 9 | 10-12 || total
-------------------------+-------+-------+-------+-------++-------
Melee: Long sword        |   110 |   140 |   291 |   130 ||   671
       Headbutt          |    17 |    21 |    73 |    28 ||   139
Invok: Heroism           |       |       |       |     3 ||     3
  Use: Scroll            |     4 |     4 |     2 |     9 ||    19
       Potion            |       |       |       |     3 ||     3
Armor: Scale mail        |    52 |    38 |       |       ||    90
       Chain mail        |       |    17 |   154 |    25 ||   196
Dodge: Dodged            |    75 |    59 |   126 |    47 ||   307
Block: Buckler           |    33 |    34 |    77 |    31 ||   175
